 Dungeon Crawl Stone Soup version 0.23.2-1-ga50397a6bc (webtiles) character file.

Game seed: 2259714012864155656

2290 VAD3MB3R the Carver (level 9, -2/68 (69) HPs)
             Began as a Merfolk Gladiator on Apr 17, 2019.
             Was a Priest of Qazlal.
             Slain by a killer bee (4 damage)
             ... on level 7 of the Dungeon.
             The game lasted 01:04:37 (6222 turns).

VAD3MB3R the Carver (Merfolk Gladiator)             Turns: 6222, Time: 01:04:44

HP:   -2/68 (69)    AC: 13    Str: 14 (17) XL:     9   Next: 40%
MP:   9/9           EV:  7    Int:  7      God:    Qazlal [***...]
Gold: 238           SH: 13    Dex: 16      Spells: 8/8 levels left

rFire    . . .     SeeInvis .   m - +2 long sword (holy)
rCold    . . .     Gourm    .   t - +0 shield
rNeg     . . .     Faith    .   v - +2 chain mail {MR+}
rPois    .         Spirit   .   c - +0 helmet
rElec    .         Reflect  .   (no cloak)
rCorr    .         Harm     .   A - +0 pair of gloves
MR       +....                  (no boots)
Stlth    ..........             (no amulet)
HPRegen  0.21/turn              (no ring)
MPRegen  0.11/turn              (no ring)

@: lethally poisoned (-2 -> -7)
A: change form in water, swift swim, stealthy swim
a: Upheaval, Elemental Force, Renounce Religion


You were on level 7 of the Dungeon.
You worshipped Qazlal.
Qazlal was most pleased with you.
You were not hungry.

You visited 1 branch of the dungeon, and saw 7 of its levels.

You collected 238 gold pieces.

Inventory:

Hand Weapons
 a - a +0 mace
 b - a +0 quarterstaff
 j - a +0 hunting sling
 m - a +2 long sword of holy wrath (weapon)
 o - a +0 dagger of protection
 w - a +0 giant spiked club
 C - a +0 shortbow
 E - a +0 shortbow
Missiles
 d - 3 throwing nets (quivered)
 i - 75 bolts
 k - 202 stones
 n - 124 arrows
Armour
 c - a +0 helmet (worn)
 t - a +0 shield (worn)
 v - a +2 chain mail of magic resistance (worn)
 A - a +0 pair of gloves (worn)
 B - a +0 ring mail
 G - a scarf of repulsion
Wands
 z - a wand of random effects (8)
Scrolls
 e - 2 scrolls of amnesia
 q - a scroll of fear
 y - 2 scrolls of teleportation
Potions
 g - 3 potions of curing
 h - a potion of degeneration
 p - a potion of agility {unknown}
 r - a potion of experience {unknown}
 s - a potion of lignification {unknown}
 u - a potion of mutation {unknown}
 x - a potion of might
 D - a potion of haste
 F - a potion of magic {unknown}
Comestibles
 f - 5 rations


   Skills:
 + Level 5.7 Fighting
 + Level 9.4 Long Blades
 + Level 2.0 Throwing
 + Level 3.5 Armour
 + Level 5.6 Dodging
 + Level 0.3 Stealth
 + Level 4.9 Shields


You had 8 spell levels left.
You didn't know any spells.
Your spell library was empty.

Dungeon Overview and Level Annotations

Branches:
Dungeon (7/15)
 Temple: D:4-7

Altars:
Dithmenos
Fedhas
Makhleb
Qazlal
Ru
Sif Muna
Trog
Vehumet
Xom
Zin
The Shining One

Annotations:
D:5 exclusion: statue


Message History

The killer bee stings you but does no damage. x3
You block the killer bee's attack. The orc hits you but does no damage.
Found 11 sling bullets.
Found a stone staircase leading up.
You closely miss the killer bee.
You feel sick. You block the killer bee's attack.
The killer bee closely misses you. The killer bee stings you.
* * * LOW HITPOINT WARNING * * *
Your shield and chain mail prevent you from hitting the killer bee.
You feel sick. You block the killer bee's attack.
The killer bee barely misses you. The orc barely misses you.
The gnoll hits you but does no damage. You block the killer bee's attack. x2
The killer bee stings you.
* * * LOW HITPOINT WARNING * * *
You slash the killer bee!
The killer bee is heavily wounded.
* * * LOW HITPOINT WARNING * * *
You feel sick. The killer bee stings you.
* * * LOW HITPOINT WARNING * * *
You block the killer bee's attack. The killer bee stings you.
You die...

#..$...#.#
##........(
#.........
#.......<.
#.......
##+###.....
.?....g#y####
#..%gy@§§..#
#...yoy%)§.#
#....o§.§§.#
#...%.§^☼.....
#...?.§#######
##...yo#
#..!..#
#.....o


You could see an orc warrior (inner flame), 5 killer bees, 2 gnolls and 3 orcs.

Vanquished Creatures
  A water moccasin (D:6)
  An ice beast (D:6)
  A sky beast (D:6)
  4 necrophages (D:6)
  A phantom (D:5)
  2 ogres
  2 centaurs (D:6)
  4 bullfrogs (D:6)
  A water moccasin zombie (D:6)
  3 scorpions
  3 howler monkeys
  A bullfrog zombie (D:6)
  A crimson imp (D:6)
  2 orc priests
  2 hounds (D:5)
  2 centaur skeletons (D:5)
  4 orc wizards
  Ijyb (D:5)
  2 worker ants (D:4)
  2 hound zombies (D:5)
  Robin (D:3)
  2 gnolls (D:7)
  8 adders
  2 shadow imps (D:5)
  An ooze (D:2)
  An adder skeleton (D:5)
  An adder zombie (D:6)
  2 worms
  5 dart slugs
  2 leopard geckos (D:6)
  8 orcs
  4 bats
  6 giant cockroaches
  20 goblins
  7 hobgoblins
  12 jackals
  10 kobolds
  A quokka (D:5)
  A ball python (D:2)
  6 frilled lizards
  A jackal skeleton (D:4)
  A leopard gecko skeleton (D:5)
  2 quokka skeletons
  7 rats
  2 bushes (D:6)
  2 plants (D:6)
155 creatures vanquished.

Vanquished Creatures (others)
  4 plants (D:6)
4 creatures vanquished.

Grand Total: 159 creatures vanquished

Notes
Turn   | Place    | Note
-------+----------+-------------------------------------------
     0 | D:1      | VAD3MB3R the Merfolk Gladiator began the quest for the Orb.
     0 | D:1      | Reached XP level 1. HP: 16/16 MP: 1/1
   105 | D:1      | Reached XP level 2. HP: 22/22 MP: 2/2
   369 | D:1      | Reached XP level 3. HP: 23/28 MP: 3/3
   738 | D:2      | Noticed an ogre
   748 | D:2      | Killed an ogre
   748 | D:2      | Reached skill level 4 in Long Blades
   748 | D:2      | Reached XP level 4. HP: 23/35 MP: 4/4
   748 | D:2      | Reached XP level 5. HP: 26/41 MP: 5/5
   751 | D:2      | Reached skill level 5 in Long Blades
  1383 | D:3      | Noticed Robin
  1402 | D:4      | Found a stormy altar of Qazlal.
  1433 | D:4      | Noticed a water elemental
  1434 | D:4      | Noticed a fire elemental
  1434 | D:4      | Noticed an air elemental
  1439 | D:4      | Became a worshipper of Qazlal Stormbringer
  1642 | D:3      | Killed Robin
  1963 | D:3      | Found a burning altar of Makhleb.
  2129 | D:3      | Found a glowing golden altar of the Shining One.
  2129 | D:3      | Found a sacrificial altar of Ru.
  2129 | D:3      | Found a glowing silver altar of Zin.
  2388 | D:3      | Reached * piety under Qazlal
  2500 | D:3      | Found a faded altar of an unknown god.
  2509 | D:3      | Reached skill level 1 in Shields
  2509 | D:3      | Reached XP level 6. HP: 34/47 MP: 6/6
  2573 | D:3      | Reached skill level 1 in Armour
  2843 | D:4      | You fall through a shaft for 2 floors!
  2846 | D:6      | Noticed a sky beast
  2859 | D:6      | Killed a sky beast
  2859 | D:6      | Reached skill level 6 in Long Blades
  2873 | D:5      | Entered Level 5 of the Dungeon
  3022 | D:4      | Reached XP level 7. HP: 46/53 MP: 7/7
  3396 | D:5      | Reached skill level 5 in Dodging
  3508 | D:5      | Noticed Ijyb
  3515 | D:5      | Killed Ijyb
  3515 | D:5      | Reached ** piety under Qazlal
  4021 | D:5      | Reached skill level 7 in Long Blades
  4313 | D:5      | Reached XP level 8. HP: 59/60 MP: 8/8
  4414 | D:5      | Found a radiant altar of Vehumet.
  4681 | D:5      | Found a shadowy altar of Dithmenos.
  4900 | D:6      | Reached skill level 8 in Long Blades
  4923 | D:6      | HP: 2/61 [water moccasin (4)]
  5174 | D:6      | Reached skill level 5 in Fighting
  5189 | D:6      | Reached XP level 9. HP: 36/68 MP: 9/9
  5769 | D:6      | Found a shimmering altar of Xom.
  5831 | D:6      | Found a deep blue altar of Sif Muna.
  5868 | D:6      | Found a bloodstained altar of Trog.
  5897 | D:6      | Found a blossoming altar of Fedhas.
  5961 | D:6      | Reached skill level 9 in Long Blades
  5961 | D:6      | Reached *** piety under Qazlal
  6222 | D:7      | HP: 2/68 [killer bee (3)]
  6222 | D:7      | Slain by a killer bee

Skill      XL: |  1  2  3  4  5  6  7  8  9 |
---------------+----------------------------+-----
Fighting       | 3 4 5 |  5.7
Long Blades    | 4 5 6 7 8 9 |  9.4
Shields        | 1 2 3 4 |  4.9
Armour         | 1 2 3 |  3.5
Dodging        | 5 |  5.6
Throwing       | |  2.0
Stealth        | |  0.3

Action                   |  1- 3 |  4- 6 |  7- 9 || total
-------------------------+-------+-------+-------++-------
Melee: Long sword        |    78 |   222 |   315 ||   615
  Use: Scroll            |     4 |     8 |     6 ||    18
       Potion            |       |     1 |     3 ||     4
  Eat: Ration            |       |     2 |     3 ||     5
       Chunk             |       |       |     3 ||     3
Armor: Scale mail        |    40 |   111 |       ||   151
       Leather armour    |     1 |       |       ||     1
       Chain mail        |       |    27 |   102 ||   129
Dodge: Dodged            |    56 |   131 |    52 ||   239
Block: Shield            |       |   105 |   164 ||   269
       Rpst.: Long sword |    15 |    36 |    20 ||    71
